 Dungeon Crawl Stone Soup version 0.19.5 (webtiles) character file.

7 Gargoyl the Skirmisher (level 2, -5/26 HPs)
             Began as a Ghoul Abyssal Knight on Mar 18, 2017.
             Was a Follower of Lugonu.
             Slain by a small abomination (13 damage)
             ... on level 1 of the Abyss.
             The game lasted 00:00:42 (218 turns).

Gargoyl the Skirmisher (Ghoul Abyssal Knight)        Turns: 218, Time: 00:00:42

Health: -5/26      AC:  3    Str: 15    XL:     2   Next: 0%
Magic:  2/2        EV: 11    Int:  7    God:    Lugonu [*.....]
Gold:   9          SH:  0    Dex:  8    Spells: 0 memorised, 1 level left

rFire  . . .     SeeInvis .     a - +1 hand axe
rCold  + . .     Gourm    .     b - +0 leather armour
rNeg   + + +     Faith    .     (no shield)
rPois  ∞         Spirit   .     (no helmet)
rElec  .         Reflect  .     (no cloak)
rCorr  .         Harm     .     (no gloves)
MR     .....                    (no boots)
Stlth  +.........               (no amulet)
                                (no ring)
                                (no ring)

@: rotting, invisible
A: rotting body, claws 1, carnivore 3, cold resistance 1, negative energy
resistance 3, slow regeneration 1, torment resistance, unbreathing
a: Depart the Abyss, Renounce Religion


You were on level 1 of the Abyss.
You worshipped Lugonu.
Lugonu was aware of your devotion.
You were not hungry.

You visited 0 branches of the dungeon, and saw 0 of its levels.
You visited the Abyss 1 time.

You collected 9 gold pieces.

Inventory:

Hand Weapons
 a - a +1 hand axe (weapon)
Armour
 b - a +0 leather armour (worn)
Potions
 d - a potion of haste {unknown}
Comestibles
 c - a meat ration


   Skills:
 + Level 3.6 Fighting
 + Level 1.7 Axes
 + Level 1.9 Armour
 + Level 1.0 Dodging
 + Level 2.0 Invocations


You had one spell level left.
You didn't know any spells.

Dungeon Overview and Level Annotations

Branches:
Dungeon (0/15)

Altars:


Innate Abilities, Weirdness & Mutations

Your body is rotting away.
You thrive on raw meat.
You are immune to poison.
You have sharp fingernails.
You are carnivorous and can eat meat at any time.
Your flesh is cold resistant. (rC+)
You are immune to negative energy. (rN+++)
You regenerate slowly when monsters are visible.
You are immune to unholy pain and torment.
You can survive without breathing.


Message History

The white imp hits you. The white imp freezes you. You resist.
You hit the white imp.
You kill the white imp!
Your Dodging skill increases to level 1!
You have reached level 2!
You now have 9 gold pieces (gained 6).
A small abomination comes into view.
Found a scroll labeled YRUXKEQAIVU.
A large abomination comes into view.
The small abomination hits you!
You see here a scroll labeled YRUXKEQAIVU.
f - a scroll labeled YRUXKEQAIVU
As you read the scroll labeled YRUXKEQAIVU, it crumbles to dust.
It is a scroll of identify.
e - a potion of invisibility The small abomination barely misses you.
You fade into invisibility!
The small abomination hits you!
Ouch! That really hurt!
You die...

# ..##. .
................. . .
#.#.##.##......##......# .
#. ..#..##......##......#
# .
#..##................... #
.
..##.....................
. .#..
####........X.......... #
. . #....................
#..###.......x............
# . ..#
#.......@............. # .
. ###.##......##..... ##
.# #.##......# .....≈ #
#.#. ## ..................
#. . ..#.............≈≈. .
# ...#...#...#...... # .#
# .##....##.....#.. # .
#.#.# ......##. . ...


You could see a large abomination and a small abomination.

Vanquished Creatures
  A white imp (Abyss:1)
1 creature vanquished.

Notes
Turn   | Place    | Note
-------+----------+-------------------------------------------
     0 | Abyss:1  | Gargoyl the Ghoul Abyssal Knight began the quest for the Orb.
     0 | Abyss:1  | Reached XP level 1. HP: 19/19 MP: 1/1
    89 | Abyss:1  | Noticed an ice dragon zombie
   191 | Abyss:1  | Reached skill level 1 in Dodging
   191 | Abyss:1  | Reached XP level 2. HP: 19/26 MP: 2/2
   199 | Abyss:1  | Noticed a small abomination
   206 | Abyss:1  | Noticed a large abomination
   218 | Abyss:1  | Slain by a small abomination

Skill      XL: |  1 |
---------------+----+-----
Dodging        | 1 |  1.0
Fighting       | |  3.6
Axes           | |  1.7
Armour         | |  1.9
Invocations    | |  2.0

Action                   || total
-------------------------++-------
Melee: Hand axe          ||     6
  Use: Scroll            ||     2
       Potion            ||     1
Armor: Leather armour    ||     1
Dodge: Dodged            ||     4
